 Dungeon Crawl Stone Soup version 0.27-a0-1181-g5f64966fcc (webtiles) character file.

Game seed: 8454038102455166364

67 Ge0ff the Cutter (level 3, -2/19 HPs)
             Began as a Spriggan Berserker on May 17, 2021.
             Was a Believer of Trog.
             Slain by a worm (10 damage)
             ... on level 3 of the Dungeon.
             The game lasted 00:07:58 (3330 turns).

Ge0ff the Cutter (Spriggan Berserker)               Turns: 3330, Time: 00:07:59

Health: -2/19      AC:  2    Str: 13    XL:     3   Next: 98%
Magic:  4/4        EV: 19    Int:  8    God:    Trog [**....]
Gold:   145        SH:  5    Dex: 21    Spells: 2/2 levels left

rFire    . . .     SeeInvis +   a - +0 short sword
rCold    . . .     Faith    .   (shield restricted)
rNeg     . . .     Spirit   .   t - +0 animal skin
rPois    .         Reflect  +   (helmet restricted)
rElec    .         Harm     .   (no cloak)
rCorr    .         Rampage  .   (gloves unavailable)
Will     .....                  (boots unavailable)
Stlth    +++.......             v - amulet of reflection
HPRegen  0.06/turn              e - +6 ring of dexterity
MPRegen  0.09/turn              (no ring)

@: very quick
A: very small, no large weapons, unfitting armour, see invisible, speed 3
a: Renounce Religion, Berserk, Trog's Hand


You were on level 3 of the Dungeon.
You worshipped Trog.
Trog was pleased with you.
You visited 1 branch of the dungeon, and saw 4 of its levels.

You collected 145 gold pieces.

Inventory:

Hand Weapons
 a - a +0 short sword (weapon)
 b - a +0 dagger
Missiles
 d - 57 stones
 f - 8 boomerangs (quivered)
Armour
 t - a +0 animal skin (worn)
Jewellery
 e - a +6 ring of dexterity (left hand)
 v - an amulet of reflection (around neck)
Wands
 s - a wand of mindburst (8)
Scrolls
 g - a scroll of enchant weapon {unknown}
 i - a scroll of amnesia {unknown}
 j - a scroll of identify {unknown}
 k - 2 scrolls of immolation {unknown}
Potions
 c - a potion of heal wounds {unknown}
 h - 3 potions of curing {unknown}
 l - a potion of flight {unknown}
 m - 2 potions of lignification {unknown}
 u - a potion of ambrosia {unknown}


   Skills:
 + Level 2.5 Fighting
 * Level 4.3 Short Blades
 + Level 4.2 Dodging
 + Level 3.4 Stealth
 + Level 0.6 Evocations


You had 2 spell levels left.
You didn't know any spells.
Your spell library was empty.

Dungeon Overview and Level Annotations

Branches:
Dungeon (4/15)
 Temple: D:4-7

Altars:
Okawaru


Innate Abilities, Weirdness & Mutations

You are very small and have problems with some larger weapons.
You are too small for most types of armour.
You have supernaturally acute eyesight. (SInv)
You cover ground extremely quickly. (Speed+++)


Message History

You kill the rat!
Trog accepts your kill.
You see here a rat corpse.
k - 2 scrolls labelled XUITUN XYANKUK (gained 1)
An endoplasm comes into view.
You hit the endoplasm.
The endoplasm is severely wounded.
The endoplasm freezes you.
You are frozen.
You barely miss the endoplasm.
The endoplasm is severely wounded.
The endoplasm freezes you.
You are frozen.
You hit the endoplasm.
You kill the endoplasm!
Trog accepts your kill.
A bat comes into view.
Found a tiny lapis lazuli amulet.
You hit the bat but do no damage. The bat completely misses you.
You hit the bat but do no damage. The bat barely misses you. x2
You hit the bat.
You kill the bat!
Trog accepts your kill.
You see here a bat corpse.
v - an amulet of reflection You start putting on your amulet.
You continue putting on your amulet of reflection. x5
You finish putting on your amulet of reflection.
You feel a shielding aura gather around you.
v - an amulet of reflection (around neck)
A worm comes into view.
Found an iron altar of Okawaru.
There is an iron altar of Okawaru here.
You hit the worm.
The worm is lightly wounded.
You barely miss the worm.
The worm is lightly wounded.
The worm bites you.
You hit the worm.
The worm is moderately wounded.
You hit the worm.
The worm is heavily wounded.
The worm bites you!
You hit the worm.
The worm is severely wounded.
You hit the worm.
The worm is almost dead.
The worm bites you!
Ouch! That really hurt!
You die...

# # ##.
##.#
###
..##..
###w#.#
#..@..#
#.#.###
#.
#...#
#.#
##.##
#...
#..#
##...
##.#
#....
#.#
..#...
#.# .
.#.#..
#.# ..
.....


You could see a worm.

Vanquished Creatures
  An adder (D:3)
  A worm (D:4)
  A dart slug (D:1)
  2 orcs
  2 ball pythons
  6 endoplasms
  3 giant cockroaches
  8 goblins
  3 hobgoblins
  2 jackals (D:3)
  4 kobolds
  6 bats
  3 frilled lizards
  2 rats
44 creatures vanquished.

Notes
Turn   | Place    | Note
-------+----------+-------------------------------------------
     0 | D:1      | Ge0ff the Spriggan Berserker began the quest for the Orb.
     0 | D:1      | Reached XP level 1. HP: 11/11 MP: 2/2
   127 | D:1      | Reached skill level 1 in Stealth
   480 | D:1      | Reached XP level 2. HP: 16/16 MP: 3/3
  1561 | D:2      | You fall into a shaft and drop 2 floors!
  1921 | D:3      | Reached XP level 3. HP: 19/19 MP: 4/4
  2004 | D:2      | Reached ** piety under Trog
  3320 | D:3      | Found an iron altar of Okawaru.
  3330 | D:3      | Slain by a worm

Illustrated notes

Levels and vault maps discovered:
D:1:      saegor_arrival_simple_a, layout_basic
D:2:      layout_loops_ring
D:3:      layout_loops_cross, lemuel_crystal_altar
D:4:      layout_cave_pools, grunt_decor_junction

Skill      XL: |  1  2 |
---------------+-------+-----
Stealth        | 1 3 |  3.4
Short Blades   | 4 |  4.3
Fighting       | |  2.5
Dodging        | |  4.2
Evocations     | |  0.6

Action                   || total
-------------------------++-------
Melee: Short sword       ||   117
Throw: Boomerang         ||     2
Invok: Berserk           ||     3
 Stab: Sleeping          ||    12
Armor: Animal skin       ||     5
Dodge: Dodged            ||    70

Table legend: (Time is in decaauts)
 A = Elapsed time spent in this place.
 B = Non-inter-level travel time spent in this place.
 C = Inter-level travel time spent in this place.
 D = Time resting spent in this place.
 E = Time spent auto-exploring this place.
 F = Levels seen in this place.
 G = Mean time per level.
                   A        B        C        D        E       F      G
               +--------+--------+--------+--------+--------+-----+--------+
         Total |   2352 |   2289 |     63 |    134 |   1544 |   4 |  588.0 |
       Dungeon |   2352 |   2289 |     63 |    134 |   1544 |   4 |  588.0 |
               +--------+--------+--------+--------+--------+-----+--------+

Top non-repeatable levels by time:
     D:1: 973 daAuts
     D:3: 782 daAuts
     D:2: 429 daAuts
     D:4: 168 daAuts
